 Dungeon Crawl Stone Soup version 0.24-a0-250-g6074511 (webtiles) character file.

Game seed: 548776950514131399

546 Borgoz the Cutter (level 7, 0/41 HPs)
             Began as a Kobold Gladiator on Apr 14, 2019.
             Slain by a black bear (6 damage)
             ... on level 5 of the Dungeon.
             The game lasted 00:05:55 (4066 turns).

Borgoz the Cutter (Kobold Gladiator)                Turns: 4066, Time: 00:05:56

Health: 0/41       AC:  5    Str: 13    XL:     7   Next: 53%
Magic:  7/7        EV: 20    Int: 10    God:
Gold:   194        SH:  2    Dex: 16    Spells: 6/6 levels left

rFire    . . .     SeeInvis .   b - +2 dagger (speed)
rCold    . . .     Gourm    .   (shield restricted)
rNeg     . . .     Faith    .   r - +0 leather armour (curse)
rPois    .         Spirit   .   c - +0 helmet
rElec    .         Reflect  +   (no cloak)
rCorr    .         Harm     .   w - +0 pair of gloves
MR       .....                  (no boots)
Stlth    +.........             v - +2 amulet of reflection
HPRegen  0.13/turn              m - +2 ring of evasion
MPRegen  0.10/turn              j - ring of attention (curse)

@: no status effects
A: small, carnivore
a: no special abilities


You were on level 5 of the Dungeon.
You were completely stuffed.

You visited 1 branch of the dungeon, and saw 5 of its levels.

You collected 194 gold pieces.

Inventory:

Hand Weapons
 a - a +0 rapier
 b - a +2 dagger of speed (weapon)
Missiles
 d - 2 throwing nets (quivered)
Armour
 c - a +0 helmet (worn)
 r - a cursed +0 leather armour (worn)
 w - a +0 pair of gloves (worn)
 y - the cursed +0 scale mail of Parts Unknown {rF+ MR+}
   (You found it on level 4 of the Dungeon)

   It protects you from fire.
   It affects your resistance to hostile enchantments.
   It has a curse placed upon it.
Jewellery
 j - a cursed ring of attention (right hand)
 m - a +2 ring of evasion (left hand)
 n - an uncursed ring of wizardry {unknown}
 v - a +2 amulet of reflection (around neck)
Wands
 t - a wand of acid (8)
Scrolls
 e - a scroll of enchant armour {unknown}
 g - 3 scrolls of remove curse {unknown}
 i - 2 scrolls of enchant weapon
 l - 3 scrolls of teleportation
 q - a scroll of fear {unknown}
Potions
 h - 2 potions of flight
 k - a potion of haste {unknown}
 s - a potion of resistance
Comestibles
 f - 7 rations
 o - a chunk of flesh


   Skills:
 + Level 3.3 Fighting
 + Level 7.8 Short Blades
 + Level 2.4 Throwing
 + Level 1.7 Armour
 + Level 5.7 Dodging
 + Level 2.3 Stealth


You had 6 spell levels left.
You didn't know any spells.
Your spell library was empty.

Dungeon Overview and Level Annotations

Branches:
Dungeon (5/15)
 Temple: D:4-7

Altars:
Nemelex Xobeh
The Shining One


Innate Abilities, Weirdness & Mutations

You are small and have problems with some larger weapons.
You are carnivorous and can eat meat at any time.


Message History

You are too injured to fight recklessly!
You are too injured to fight recklessly!
You are too injured to fight recklessly!
You are too injured to fight recklessly!
You are too injured to fight recklessly!
You are too injured to fight recklessly!
You are too injured to fight recklessly!
You are too injured to fight recklessly!
You hit the black bear but do no damage.
The black bear is almost dead.
The jackal skeleton bites you but does no damage.
You hit the black bear.
The black bear is almost dead.
The black bear barely misses you. x2; The black bear misses you.
You hit the black bear but do no damage.
The black bear is almost dead.
The jackal skeleton bites you. The black bear bites you!
* * * LOW HITPOINT WARNING * * *
The black bear misses you. The black bear claws you.
You die...

.......
###?#.#.#
#.......#
#.......#
#.......#
#......#
#.hZ...#
#######@####
##..........#
#<.#####.##.#
#.รท.........#
#.#####.#####
#.. ...#
#########


You could see a black bear (berserk) and a jackal skeleton.

Vanquished Creatures
  Menkaure (D:4)
  A scorpion (D:4)
  A howler monkey (D:4)
  A hound (D:4)
  An orc priest (D:3)
  3 orc wizards (D:4)
  An iguana (D:5)
  2 worker ants
  3 adders
  3 oozes
  An adder zombie (D:5)
  3 worms (D:2)
  2 dart slugs
  A leopard gecko (D:4)
  7 orcs
  A ball python (D:2)
  4 giant cockroaches
  4 goblins
  6 hobgoblins
  8 jackals
  3 quokkas (D:3)
  3 bats (D:2)
  3 frilled lizards
  2 kobolds
  A leopard gecko skeleton (D:4)
  5 rats
  A toadstool (D:1)
72 creatures vanquished.

Vanquished Creatures (others)
  3 toadstools (D:1)
3 creatures vanquished.

Grand Total: 75 creatures vanquished

Notes
Turn   | Place    | Note
-------+----------+-------------------------------------------
     0 | D:1      | Borgoz the Kobold Gladiator began the quest for the Orb.
     0 | D:1      | Reached XP level 1. HP: 12/12 MP: 1/1
   151 | D:1      | Reached XP level 2. HP: 15/17 MP: 2/2
   619 | D:2      | Reached XP level 3. HP: 10/21 MP: 3/3
   813 | D:2      | Reached skill level 5 in Short Blades
   819 | D:2      | Reached XP level 4. HP: 17/27 MP: 4/4
  1178 | D:2      | Found a sparkling altar of Nemelex Xobeh.
  1275 | D:2      | Reached skill level 1 in Stealth
  1975 | D:3      | Reached XP level 5. HP: 12/31 MP: 5/5
  2252 | D:3      | Reached skill level 6 in Short Blades
  2695 | D:4      | Reached skill level 1 in Armour
  2695 | D:4      | Reached XP level 6. HP: 30/36 MP: 6/6
  2804 | D:4      | Noticed Menkaure
  2806 | D:4      | Found a glowing golden altar of the Shining One.
  2814 | D:4      | Killed Menkaure
  2814 | D:4      | Reached skill level 7 in Short Blades
  2814 | D:4      | Reached skill level 5 in Dodging
  2814 | D:4      | Reached XP level 7. HP: 6/41 MP: 7/7
  3156 | D:4      | Got an encrusted scale mail
  3157 | D:4      | Identified the cursed +0 scale mail of Parts Unknown {rF+
                  | MR+} (You found it on level 4 of the Dungeon)
  3939 | D:5      | Entered Level 5 of the Dungeon
  4066 | D:5      | Slain by a black bear

Levels and vault maps discovered:
D:1:      ldierk_water_garden, layout_basic
D:2:      layout_loops_ring, nemelex_lonely_heart_becter
D:3:      layout_loops_ring, first_ration
D:4:      layout_basic, nicolae_tso_carved_into_rock, uniq_menkaure
D:5:      layout_basic, temple_pool_b

Skill      XL: |  1  2  3  4  5  6 |
---------------+-------------------+-----
Dodging        | 4 5 |  5.7
Short Blades   | 5 6 7 |  7.8
Stealth        | 1 2 |  2.3
Armour         | 1 |  1.7
Fighting       | 3 |  3.3
Throwing       | |  2.4

Action                   |  1- 3 |  4- 6 |  7- 9 || total
-------------------------+-------+-------+-------++-------
Melee: Rapier            |    73 |   139 |    49 ||   261
       Dagger            |       |       |    61 ||    61
Throw: Throwing net      |       |     3 |       ||     3
  Use: Potion            |     2 |     3 |     3 ||     8
       Scroll            |       |       |     7 ||     7
 Stab: Sleeping          |     3 |     3 |       ||     6
       Held in net/web   |       |     1 |       ||     1
       Invisible         |       |       |     3 ||     3
  Eat: Chunk             |     1 |    13 |     4 ||    18
Armor: Leather armour    |    15 |    12 |    19 ||    46
       Skin              |       |    14 |       ||    14
Dodge: Dodged            |    56 |    96 |   115 ||   267
Block: Other             |       |       |    10 ||    10

Table legend:
 A = Non-vault XP
 B = Vault XP
 C = Vault XP percentage of total XP
 D = Non-vault monster count
 E = Vault monster count
 F = Vault count percentage of total count
                 A         B        C        D         E       F
            +---------+---------+-------+---------+---------+-------
      Total |     609 |     172 |  22.0 |      70 |       1 |   1.4
            +---------+---------+-------+---------+---------+-------
        D:1 |      10 |       0 |   0.0 |       7 |       0 |   0.0
        D:2 |      87 |       0 |   0.0 |      28 |       0 |   0.0
        D:3 |     123 |       0 |   0.0 |      17 |       0 |   0.0
        D:4 |     348 |     172 |  33.1 |      16 |       1 |   5.9
        D:5 |      41 |       0 |   0.0 |       2 |       0 |   0.0
            +---------+---------+-------+---------+---------+-------
